 Dungeon Crawl Stone Soup version 0.23-a0-445-g768d57b (webtiles) character file.

118813 VLARC the Corrupter of Planes (level 16, -13/83 HPs)
             Began as a Vine Stalker Abyssal Knight on Nov 17, 2018.
             Was the Champion of Lugonu.
             Killed by the power of Zot (27 damage)
             ... on level 3 of the Swamp.
             The game lasted 01:06:30 (22997 turns).

VLARC the Corrupter of Planes (VSAK)               Turns: 22997, Time: 01:06:31

Health: -13/83     AC: 14    Str: 21      XL:     16   Next: 77%
Magic:  0/28       EV: 17    Int: 12      God:    Lugonu [******]
Gold:   2855       SH:  8    Dex: 19 (20) Spells: 15/15 levels left

rFire    + + .     SeeInvis .   a - +8 demon blade (distort)
rCold    + . .     Gourm    .   t - +2 buckler
rNeg     . . .     Faith    +   Q - +0 swamp dragon scales
rPois    +         Spirit   +   W - +0 hat {MR+}
rElec    .         Reflect  .   S - scarf {rC+ rF+}
rCorr    .         Harm     .   x - +0 pair of gloves
MR       +++..                  H - +1 pair of boots
Stlth    +.........             X - amulet "Fyehob" {Faith rF+ Str+3 Slay+3}
HPRegen  1.03/turn              V - +2 ring of protection
MPRegen  0.21/turn              T - ring "Jahinisowa" {EV+2 Str-2 Dex+4 Slay+6}

@: no status effects
A: fangs 3, deterioration 1, frail 1, regeneration 2, magic shield, antimagic
bite, no potion heal 3, rot immunity
a: Depart the Abyss, Bend Space, Banish, Corrupt, Enter the Abyss, Renounce
Religion


You were on level 3 of the Swamp.
You worshipped Lugonu.
Lugonu was exalted by your worship.
You were not hungry.

You visited 4 branches of the dungeon, and saw 26 of its levels.
You visited the Abyss 1 time.
You also visited: Ossuary.

You collected 3151 gold pieces.
You spent 296 gold pieces at shops.

Inventory:

Hand Weapons
 a - a +8 demon blade of distortion (weapon)
 b - a +3 scimitar of flaming
Missiles
 d - 3 throwing nets (quivered)
Armour
 o - +1 ice dragon scales
 t - a +2 buckler (worn)
 x - a +0 pair of gloves (worn)
 H - a +1 pair of boots (worn)
 Q - +0 swamp dragon scales (worn)
 S - a scarf of resistance (worn)
 U - a +2 helmet
 W - a +0 hat of magic resistance (worn)
Jewellery
 m - an uncursed ring of see invisible
 O - an uncursed ring of protection from magic
 P - a cursed ring of poison resistance {unknown}
 T - the ring "Jahinisowa" (right hand) {EV+2 Str-2 Dex+4 Slay+6}
   (You found it on level 11 of the Dungeon)

   [ring of evasion]

   It affects your evasion (+2).
   It affects your strength (-2).
   It affects your dexterity (+4).
   It affects your accuracy and damage with ranged weapons and melee attacks
   (+6).
 V - a +2 ring of protection (left hand)
 X - the amulet "Fyehob" (around neck) {Faith rF+ Str+3 Slay+3}
   (You took it off an orc warrior on level 11 of the Dungeon)

   [amulet of faith]

   It allows you to gain divine favour quickly.
   It affects your strength (+3).
   It affects your accuracy and damage with ranged weapons and melee attacks
   (+3).
   It protects you from fire.
Wands
 w - a wand of iceblast (35)
 y - a wand of polymorph (17)
 B - a wand of enslavement (16)
 E - a wand of acid (14)
 G - a wand of random effects (22)
 I - a wand of flame (34)
 M - a wand of digging (3)
Scrolls
 e - 10 scrolls of remove curse
 k - 2 scrolls of blinking
 p - 4 scrolls of fear
 r - 4 scrolls of amnesia
 s - 9 scrolls of teleportation
 u - 4 scrolls of fog
 v - a scroll of silence
 F - 2 scrolls of identify
 J - a scroll of enchant armour
 K - 3 scrolls of magic mapping
 Z - a scroll of summoning
Potions
 g - 5 potions of brilliance
 h - 4 potions of cancellation
 i - 8 potions of curing
 j - 6 potions of resistance
 l - 2 potions of flight
 q - 4 potions of lignification
 z - 7 potions of mutation
 A - a potion of invisibility
 C - 4 potions of haste
 D - 2 potions of magic
 L - 3 potions of might
 Y - a potion of agility
Miscellaneous
 n - a fan of gales
 R - a sack of spiders
Comestibles
 f - 31 rations


   Skills:
 + Level 14.9 Fighting
 - Level 14.0 Long Blades
 + Level 6.2 Armour
 + Level 6.0 Dodging
 - Level 4.5 Shields
 + Level 15.6 Invocations


You had 15 spell levels left.
You didn't know any spells.
Your spell library contained the following spells:

 Spells                   Type           Power        Failure   Level  Hunger
 Beastly Appendage        Tmut           #.....       45%         1    ##.....
 Infusion                 Chrm           #...         45%         1    ##.....
 Shroud of Golubria       Chrm/Tloc      #.........   61%         2    ###....
 Song of Slaying          Chrm           #.......     61%         2    ###....
 Sticks to Snakes         Tmut           #.......     61%         2    ###....
 Regeneration             Chrm/Necr      #.........   83%         3    ####...
 Spectral Weapon          Hex/Chrm       #.......     83%         3    ####...
 Spider Form              Tmut/Pois      #.........   83%         3    ####...
 Ice Form                 Ice/Tmut       #.......     99%         4    #####..
 Blade Hands              Tmut           #.........   100%        5    ######.


Dungeon Overview and Level Annotations

Branches:
Dungeon (15/15)            Temple (0/1) D:5            Lair (6/6) D:10
  Swamp (3/4) Lair:3       Spider (0/4) Lair:4        Slime (0/5) Lair:6
    Orc (2/2) D:10            Elf (0/3) Orc:2        Vaults (0/5) D:13
 Depths (0/5) D:15

Altars:
Ashenzari
Kikubaaqudgha
Xom

Shops:
D:4 *   D:10 }?   D:11 :   Orc:1 *[![   Orc:2 :?!?

Annotations:
Swamp:3 2 transporters, corrupted
Abyss:1 Josephine, Nessos, Snorg, Urug


Innate Abilities, Weirdness & Mutations

You have razor-sharp teeth.
You heal very quickly.
When hurt, damage is shared between your health and your magic reserves.
Your bite disrupts and absorbs the magic of your enemies.
Potions cannot restore your health.
You are immune to rotting.
Your body sometimes deteriorates upon taking damage.
You are frail. (-10% HP)


Message History

The starspawn tentacle grabs something.
The starspawn tentacle constricts something.
The apocalypse crab bites something but does no damage.
The apocalypse crab claws something but does no damage.
The hellwing hits something but does no damage.
The hellwing hits something.
The human skeleton hits something but does no damage.
Something barely misses the hellwing.
The tentacled starspawn bites something!
You turn to flesh and can move again.
There is a Zot trap here.
Okay, then.
You see here a shiny shield.
Unknown command.
You hear a loud "Zot"!
Things that are here:
23 gold pieces; a vampire mosquito corpse The power of Zot is invoked against you!
There is a sudden blast of acid!
The acid blast engulfs you!
You die...

≈..≈.≈≈≈≈.# #^.#.......#.^#
≈(≈≈..≈≈≈≈# #.#.......#.#
...♣..≈§≈.# #.^^..[.^.#
.≈.♣♣..≈≈.## #..^^^..^.#
.≈≈≈≈≈≈≈≈≈.# ..^^^..
)≈≈≈≈≈≈≈≈.≈♣ ###X#4###
..≈≈≈≈≈≈..♣♣ #X.[^h.)#
♣≈......≈♣♣ #.Z3?#$.##
.♣♣♣≈.≈.♣≈♣♣♣# #@#.©..=.#
.♣ ♣≈.≈≈♣ ♣♣.##.##X##t###
♣♣ ♣♣...♣♣♣≈.#.####R##.#
♣≈...≈♣≈..###5D######
♣♣♣♣♣♣.§≈.≈≈≈.≈♣..3X.FX.♣
≈≈......≈....≈...#.5..x#.X
≈...≈§...♣z..s...D.3#..4.#♣
♣♣≈...♣.≈♣..♣.3.X'.....3..
♣♣♣≈♣♣♣♣♣.♣♣...X.X....#..


You could see a neutral starcursed mass (wandering), a neutral shadow dragon
(wandering), a neutral rakshasa (wandering), a neutral apocalypse crab
(wandering), a neutral thrashing horror, 3 neutral large abominations, a neutral
hellwing (wandering), a neutral worldbinder (wandering), a neutral raiju
(wandering), a neutral blink frog (wandering), 2 neutral ynoxinuls, a neutral
chaos spawn (wandering), a neutral flying skull (wandering), a neutral iron imp
(wandering) and a neutral human skeleton (wandering).

Vanquished Creatures
  Gastronok (Orc:1)
  Agnes (D:15)
  Louise (D:15)
  An orc warlord (Orc:1)
  A very ugly thing (Swamp:1)
  Azrael (D:12)
  A rakshasa (D:15)
  10 hydras
  4 vault guards
  A death knight (D:13)
  2 catoblepae
  5 two-headed ogres
  8 alligators
  4 death yaks
  3 orc high priests (Orc:2)
  Nergalle (Lair:4)
  A fire crab (shapeshifter) (D:15)
  A death drake (shapeshifter) (D:15)
  An unseen horror (D:13)
  A spriggan druid (Swamp:3)
  A swamp dragon (Swamp:2)
  7 orc knights
  5 orc sorcerers
  2 phantasmal warriors (D:13)
  10 ugly things
  Pikel (D:6)
  4 manticores
  2 deep elf magi
  4 cyclopes
  A shining eye (D:10)
  3 elephants (Lair:6)
  Maurice (D:13)
  3 black mambas (Lair:4)
  27 spiny frogs
  3 rime drakes
  4 komodo dragons
  3 kobold demonologists (D:15)
  An efreet (D:15)
  A yaktaur (D:11)
  5 hornets
  9 trolls
  2 meliai (D:13)
  6 tyrant leeches
  35 blink frogs
  A harpy skeleton (D:13)
  3 bog bodies
  A meliai zombie (D:13)
  11 slime creatures
  10 hippogriffs
  7 wraiths
  3 redbacks (Lair:4)
  5 spriggans
  2 shadows
  A vampire (D:14)
  4 wyverns
  6 yaks
  4 fire elementals
  2 basilisks
  24 vampire mosquitoes
  2 hungry ghosts
  5 wargs
  19 insubstantial wisps
  10 swamp worms
  2 soldier ants
  A two-headed ogre zombie (D:10)
  An acid dragon (shapeshifter) (D:15)
  12 water moccasins
  An acid dragon (D:11)
  6 porcupines
  4 hell hounds
  3 swamp drakes
  8 sky beasts
  3 ice beasts
  An eye of draining (D:13)
  43 orc warriors
  A black bear (D:12)
  6 phantoms
  46 wolves
  5 centaurs
  A necrophage (D:12)
  3 boggarts (D:15)
  12 ogres
  12 crocodiles
  24 bullfrogs
  A wyvern zombie (D:13)
  4 scorpions
  A wyvern skeleton (D:15)
  10 killer bees
  3 troll zombies (D:10)
  3 electric eels (Lair:6)
  11 wights
  6 howler monkeys
  7 crimson imps
  6 centaur zombies
  A lava snake (D:11)
  2 quasits
  3 bullfrog zombies
  2 jellies
  Crazy Yiuf (D:7)
  20 orc priests
  3 centaur skeletons
  9 hounds
  25 orc wizards
  2 bullfrog skeletons
  3 iguanas
  9 worker ants
  A big kobold zombie (Ossuary)
  4 ogre zombies (D:10)
  2 hound skeletons (D:11)
  3 mummies (Ossuary)
  2 worker ant zombies
  Robin (D:2)
  11 gnolls
  12 adders
  4 shadow imps
  2 adder zombies (Ossuary)
  A worm (D:2)
  7 dart slugs
  6 leopard geckos
  92 orcs
  8 bats
  6 giant cockroaches
  16 goblins
  8 hobgoblins
  18 jackals
  6 quokkas
  2 ball pythons
  3 frilled lizards (D:2)
  A gnoll zombie (Ossuary)
  A goblin skeleton (D:10)
  7 goblin zombies (Ossuary)
  4 hobgoblin zombies
  A jackal zombie (D:5)
  8 kobolds
  3 kobold zombies (Ossuary)
  A leopard gecko skeleton (D:4)
  An orc skeleton (D:10)
  20 orc zombies (D:10)
  A quokka skeleton (D:5)
  2 quokka zombies
  4 rats
  3 rat zombies
  A fungus (D:7)
909 creatures vanquished.

Vanquished Creatures (collateral kills)
  A jumping spider (Lair:4)
  2 wolves (Lair:3)
  A killer bee (D:10)
  2 orc priests (D:10)
  2 orc wizards (D:10)
  An orc (D:10)
9 creatures vanquished.

Vanquished Creatures (others)
  A thorn hunter (Swamp:3)
  2 hydras
  A shambling mangrove (Swamp:3)
  A centaur warrior (D:13)
  A swamp dragon (Swamp:3)
  A wolf spider (Lair:4)
  2 oklob plants (Lair:6)
  A deep elf mage (D:12)
  A black mamba (Lair:3)
  4 spiny frogs
  A hornet (Swamp:3)
  2 tyrant leeches (Lair:6)
  2 shadows (Swamp:3)
  A spriggan (Swamp:3)
  A vampire mosquito (Swamp:3)
  2 swamp drakes (Swamp:3)
  2 wolves (Lair:3)
  A centaur (D:7)
  A hound (D:7)
  2 orc priests
  An orc wizard (Orc:2)
  A worker ant (D:6)
  A ball lightning (Swamp:3)
  3 orcs
  A kobold (D:12)
  5 briar patches (Swamp:3)
  A bush (Lair:3)
  7 fungi
  31 plants
  11 starspawn tentacles (Swamp:3)
92 creatures vanquished.

Grand Total: 1010 creatures vanquished

Notes
Turn   | Place    | Note
-------+----------+-------------------------------------------
     0 | Abyss:1  | VLARC the Vine Stalker Abyssal Knight began the quest for
                  | the Orb.
     0 | Abyss:1  | Reached XP level 1. HP: 11/11 MP: 3/3
    37 | D:1      | Escaped the Abyss
    65 | D:1      | Reached XP level 2. HP: 7/16 MP: 1/4
   625 | D:1      | Reached XP level 3. HP: 13/20 MP: 3/5
   629 | D:1      | Reached ** piety under Lugonu
  1271 | D:2      | Noticed Robin
  1279 | D:2      | Killed Robin
  1279 | D:2      | Gained mutation: Your natural rate of healing is unusually
                  | fast. [Vine Stalker growth]
  1279 | D:2      | Reached XP level 4. HP: 10/25 MP: 4/6
  1453 | D:2      | Reached XP level 5. HP: 29/29 MP: 7/7
  1898 | D:2      | Reached skill level 2 in Invocations
  2009 | D:3      | Reached *** piety under Lugonu
  2177 | D:3      | Reached XP level 6. HP: 25/34 MP: 3/8
  2533 | D:3      | Found an ancient bone altar of Kikubaaqudgha.
  2914 | D:4      | Found Luufy's Assorted Antiques.
  2921 | D:4      | Bought a murky blue potion for 20 gold pieces
  2921 | D:4      | Bought a scroll labeled VOESSU TIDAETT for 23 gold pieces
  2921 | D:4      | Bought a golden potion for 20 gold pieces
  2921 | D:4      | Bought a scroll labeled BOIFENK DIGA for 23 gold pieces
  2921 | D:4      | Bought a scroll labeled BOIFENK DIGA for 23 gold pieces
  3037 | D:4      | Reached skill level 3 in Invocations
  3176 | D:4      | Noticed Edmund
  3380 | D:4      | Reached skill level 5 in Fighting
  3380 | D:4      | Reached XP level 7. HP: 36/39 MP: 10/10
  3523 | D:5      | Entered Level 5 of the Dungeon
  3540 | D:5      | Found a sand-covered staircase.
  3553 | Ossuary  | Entered an ossuary
  3585 | Ossuary  | Reached **** piety under Lugonu
  3824 | D:5      | Got a steaming robe
  3825 | D:5      | Identified the +1 robe of the Harvest {rElec rPois} (You
                  | found it on level 5 of the Dungeon)
  3983 | D:5      | Reached skill level 4 in Invocations
  4134 | D:5      | Reached skill level 5 in Long Blades
  4154 | D:5      | Gained mutation: You have razor-sharp teeth. [Vine Stalker
                  | growth]
  4154 | D:5      | Reached XP level 8. HP: 11/44 MP: 4/12
  4441 | D:5      | Found a staircase to the Ecumenical Temple.
  4623 | D:6      | Reached skill level 5 in Invocations
  4626 | D:6      | Noticed Edmund
  4626 | D:6      | Edmund changed into Edmund the warg
  4633 | D:6      | Killed Edmund the warg
  4726 | D:6      | Found a shimmering altar of Xom.
  5009 | D:6      | Reached skill level 6 in Invocations
  5009 | D:6      | Reached XP level 9. HP: 49/49 MP: 14/14
  5173 | D:7      | Noticed Pikel
  5197 | D:6      | Killed Pikel
  5332 | D:7      | Reached ***** piety under Lugonu
  5374 | D:7      | Reached skill level 7 in Invocations
  5498 | D:7      | Found a runed door.
  5502 | D:7      | Noticed Crazy Yiuf
  5513 | D:7      | Killed Crazy Yiuf
  5818 | D:7      | Reached skill level 1 in Shields
  5937 | D:8      | Reached XP level 10. HP: 56/56 MP: 14/16
  6761 | D:9      | Reached skill level 8 in Invocations
  6940 | D:9      | Noticed a two-headed ogre
  6961 | D:9      | Killed a two-headed ogre
  7242 | D:9      | Noticed a two-headed ogre
  7251 | D:9      | Killed a two-headed ogre
  7356 | D:9      | Reached XP level 11. HP: 60/60 MP: 18/18
  7540 | D:10     | Entered Level 10 of the Dungeon
  7653 | D:10     | Noticed Erica
  7656 | D:10     | Noticed Erica
  7656 | D:10     | Erica changed into Erica the shining eye
  7659 | D:10     | Gained mutation: You are frail. (-10% HP) [Erica]
  7663 | D:10     | Killed Erica the shining eye
  7663 | D:10     | Reached skill level 9 in Invocations
  7763 | D:10     | Found Qedd's Magic Scroll Shoppe.
  7802 | D:10     | Found Sol Qiun's Gadget Shop.
  7978 | D:10     | Found a staircase to the Lair.
  8042 | D:10     | Found a staircase to the Orcish Mines.
  8105 | D:10     | Reached ****** piety under Lugonu
  8417 | Lair:1   | Entered Level 1 of the Lair of Beasts
  8749 | Lair:1   | Noticed a seven-headed hydra
  8760 | Lair:1   | Banished a seven-headed hydra
  9270 | Lair:2   | Noticed Urug
  9271 | Lair:2   | Banished Urug
  9299 | Lair:2   | You fall through a shaft!
  9316 | Lair:3   | Reached skill level 10 in Invocations
  9320 | Lair:3   | Reached skill level 10 in Fighting
  9489 | Lair:3   | Found a staircase to the Swamp.
  9820 | Lair:3   | Reached skill level 10 in Long Blades
  9825 | Lair:3   | Gained mutation: You heal very quickly. [Vine Stalker
                  | growth]
  9825 | Lair:3   | Reached XP level 12. HP: 39/60 MP: 14/20
 10489 | Lair:2   | Reached skill level 11 in Invocations
 10633 | Lair:2   | Noticed a five-headed hydra
 10644 | Lair:2   | Killed a one-headed hydra
 10739 | Lair:2   | Noticed a six-headed hydra
 10749 | Lair:2   | Banished a five-headed hydra
 11174 | Lair:4   | Noticed Snorg
 11176 | Lair:4   | Banished Snorg
 11202 | Lair:4   | Noticed a death yak
 11214 | Lair:4   | Killed a death yak
 11214 | Lair:4   | Reached XP level 13. HP: 43/66 MP: 17/22
 11374 | Lair:3   | Reached skill level 12 in Invocations
 11609 | Lair:4   | Noticed Nergalle
 11626 | Lair:4   | Killed Nergalle
 11643 | Lair:4   | You fall through a shaft!
 11861 | Lair:4   | Noticed Sonja
 11862 | Lair:4   | Noticed Sonja
 11862 | Lair:4   | Sonja changed into Sonja the soldier ant
 11867 | Lair:4   | Killed Sonja the soldier ant
 12125 | Lair:4   | Found a hole to the Spider Nest.
 13124 | Lair:6   | Entered Level 6 of the Lair of Beasts
 13468 | Lair:6   | Found a staircase to the Slime Pits.
 13735 | Lair:6   | Reached skill level 13 in Invocations
 13773 | Lair:6   | Reached XP level 14. HP: 70/72 MP: 24/24
 15317 | D:11     | Got a wavering granite ring
 15320 | D:11     | Got a wavering bone ring
 15333 | D:11     | Identified the amulet "Fyehob" {Faith rF+ Str+3 Slay+3}
 15346 | D:11     | Got a slimy glass ring
 15468 | D:11     | Found Datal's Book Boutique.
 15549 | D:11     | Identified the ring "Jahinisowa" {EV+2 Str-2 Dex+4 Slay+6}
                  | (You found it on level 11 of the Dungeon)
 15550 | D:11     | Identified the ring "Vorah" {rElec rN++ EV+3 Str-5 Slay+2}
                  | (You found it on level 11 of the Dungeon)
 15551 | D:11     | Identified the ring of Muufi {Wiz Slay+3} (You found it on
                  | level 11 of the Dungeon)
 15809 | D:12     | Got a fine great sword
 15814 | D:12     | Identified the cursed +1 great sword of Precise Incision
                  | {flame, rElec} (You found it on level 12 of the Dungeon)
 16417 | D:13     | Noticed Maurice
 16428 | D:13     | Killed Maurice
 16556 | D:13     | Noticed Nessos
 16566 | D:13     | Banished Nessos
 16690 | D:13     | Reached skill level 14 in Invocations
 16820 | D:13     | Reached XP level 15. HP: 40/77 MP: 21/26
 16822 | D:13     | Noticed Azrael
 16906 | D:12     | Killed Azrael
 17264 | D:13     | Reached skill level 1 in Dodging
 17301 | D:13     | Found a gate to the Vaults.
 17562 | D:14     | Noticed Josephine
 17563 | D:14     | Banished Josephine
 18432 | D:15     | Entered Level 15 of the Dungeon
 18442 | D:15     | Found a shattered altar of Ashenzari.
 18584 | D:15     | Found a staircase to the Depths.
 18755 | D:15     | Noticed Agnes
 18766 | D:15     | Killed Agnes
 18828 | D:15     | Noticed Louise
 18847 | D:15     | Killed Louise
 19134 | Orc:1    | Entered Level 1 of the Orcish Mines
 19134 | Orc:1    | Found Mifevie's Assorted Antiques.
 19145 | Orc:1    | Noticed Gastronok
 19246 | Orc:1    | Killed Gastronok
 19415 | Orc:1    | Found Samanuh's Antique Armour Emporium.
 19426 | Orc:1    | Found Zeodus's Distillery.
 19431 | Orc:1    | Bought a glowing helmet for 187 gold pieces
 19509 | Orc:1    | Found Fovorch's Antique Armour Boutique.
 19680 | Orc:2    | Entered Level 2 of the Orcish Mines
 19882 | Orc:2    | Reached XP level 16. HP: 69/83 MP: 24/28
 19912 | Orc:2    | Found a staircase to the Elven Halls.
 19935 | Orc:2    | Reached skill level 15 in Invocations
 20590 | Orc:2    | Reached skill level 5 in Armour
 20673 | Orc:2    | Found Efetig's Magic Scroll Emporium.
 20673 | Orc:2    | Found Fotokur's Book Boutique.
 20675 | Orc:2    | Found Yhyla's Magic Scroll Boutique.
 20675 | Orc:2    | Found Ciemmeedghi's Distillery.
 20916 | Swamp:1  | Entered Level 1 of the Swamp
 21120 | Swamp:1  | Reached skill level 5 in Dodging
 22198 | Swamp:2  | Identified a scroll of acquirement
 22356 | Swamp:2  | Identified a +4 demon blade of distortion (a +2 demon blade
                  | of venom corrupted by Lugonu)
 22356 | Swamp:2  | Received a gift from Lugonu
 22531 | Swamp:3  | Found a transporter.
 22934 | Swamp:3  | Found a transporter.
 22939 | Swamp:3  | Corrupted Swamp:3
 22939 | Swamp:3  | Noticed a bone dragon
 22939 | Swamp:3  | Noticed a tentacled starspawn
 22940 | Swamp:3  | Noticed a tentacled starspawn
 22944 | Swamp:3  | Noticed a thorn hunter
 22967 | Swamp:3  | Killed a thorn hunter
 22974 | Swamp:3  | Noticed a shadow dragon
 22984 | Swamp:3  | Gained mutation: Your body sometimes deteriorates upon
                  | taking damage. [the power of Zot]
 22988 | Swamp:3  | HP: 4/83 [twister/tornado[the power of Zot] (2)]
 22997 | Swamp:3  | Killed by the power of Zot

Vault maps used:
D:1:      wander_arrival_abandoned_jail
D:2:      first_ration, cheibrodos_gnoll_hut, uniq_robin
D:3:      nicolae_overflow_crystal_walls, small_statue_intersection
D:4:      serial_shops, nicolae_shop_trees, uniq_edmund
D:5:      minmay_temple_entry_nine_rooms, enter_ossuary_4
D:6:      xom_confusion_cloud
D:7:      uniq_pikel, uniq_crazy_yiuf_cottage
D:10:     erik_lair_orcish_takeover, zombieorc2_lemuel, serial_shops,
          nicolae_shop_competitors_out_of_business, nicolae_shop_stone,
          uniq_erica
D:11:     minmay_the_grid_triangle_9x9_line_8_mashed, serial_shops,
          nicolae_shop_waterfront, kennysheep_cluttered_room
D:12:     hangedman_stone_soup
D:13:     minmay_polygon_palace, lightli_vaults_fourway_checkpoint,
          uniq_maurice, uniq_azrael, uniq_nessos
D:14:     infiniplex_staircase_trident, uniq_josephine
D:15:     gammafunk_enter_depths_forms, nicolae_ashenzari_panopticon,
          uniq_louise, uniq_agnes
Lair:1:   beast_lair_carwin_large_1
Lair:2:   uniq_urug
Lair:3:   swamp_mist_pool, grunt_forest_large_clearings
Lair:4:   spider_nest_entry_funnel_web, serial_bayou_shore_b, uniq_sonja,
          uniq_nergalle, uniq_snorg
Lair:6:   minmay_lair_end_frog_pond, dpeg_slime_entry_corner,
          chequers_serial_rivers_small_3, serial_bayou_ford_a,
          minmay_lair_oklob_chamber, serial_bayou_shore_a, serial_bayou_shore_b,
          serial_bayou_shore_b
Swamp:1:  hangedman_swamp_ruin_wall
Swamp:2:  evilmike_swamp_ruin_house_5, swamp_pool1
Swamp:3:  gammafunk_its_a_trap, nicolae_swamp_feature_on_the_river_bank,
          swamp_pool1
Orc:1:    serial_shops, nicolae_shop_behind_doors, shop,
          nicolae_shop_waterfront, nicolae_shop_window_shopping, uniq_gastronok
Orc:2:    grunt_orc_tribal_feast
Ossuary:  ossuary_minmay_chase

Skill      XL: |  1  2  3  4  5  6  7  8  9 10 11 12 13 14 15 16 |
---------------+-------------------------------------------------+-----
Fighting       | 3 4 5 6 7 8 10 11 12 13 14 | 14.9
Long Blades    | 2 3 4 5 6 7 8 10 11 12 13 14 | 14.0
Invocations    | 2 3 4 6 7 8 10 11 13 14 15 | 15.6
Shields        | 1 4 |  4.5
Dodging        | 4 6 |  6.0
Armour         | 4 6 |  6.2

Action                   |  1- 3 |  4- 6 |  7- 9 | 10-12 | 13-15 | 16-18 || total
-------------------------+-------+-------+-------+-------+-------+-------++-------
Melee: Falchion          |    69 |   231 |   304 |       |       |       ||   604
       Bite              |    20 |    65 |   140 |   222 |   490 |   146 ||  1083
       Scimitar          |       |       |    95 |   677 |  1116 |   325 ||  2213
       Demon blade       |       |       |       |       |       |    58 ||    58
Invok: Bend Space        |       |       |     3 |    11 |     2 |       ||    16
       Banish            |       |       |       |     8 |    14 |     1 ||    23
       Corrupt           |       |       |       |       |       |     1 ||     1
       Brand Weapon With |       |       |       |       |       |     1 ||     1
Evoke: Wand              |       |       |     5 |    22 |     7 |     4 ||    38
  Use: Scroll            |       |     9 |     9 |     6 |    11 |     7 ||    42
       Potion            |       |     2 |       |     1 |       |       ||     3
 Stab: Petrified         |       |       |       |       |     1 |       ||     1
  Eat: Chunk             |     1 |     7 |    10 |    19 |    24 |     8 ||    69
       Ration            |       |       |       |       |     3 |     2 ||     5
Armor: Leather armour    |    16 |    34 |       |       |       |       ||    50
       Ring mail         |       |    33 |       |       |       |       ||    33
       Skin              |       |    17 |       |       |       |       ||    17
       Ice dragon scales |       |     8 |   216 |   223 |   358 |    58 ||   863
       Swamp dragon scal |       |       |       |       |       |    42 ||    42
Dodge: Dodged            |    37 |   140 |   242 |   454 |   463 |   193 ||  1529
Block: Buckler           |       |       |     7 |   241 |   336 |   108 ||   692
       Rpst.: Falchion   |    18 |    46 |    48 |       |       |       ||   112
       Scimitar          |       |       |    16 |   131 |   129 |    50 ||   326
       Demon blade       |       |       |       |       |       |     8 ||     8

Table legend:
 A = Non-vault XP
 B = Vault XP
 C = Vault XP percentage of total XP
 D = Non-vault monster count
 E = Vault monster count
 F = Vault count percentage of total count
                 A         B        C        D         E       F
            +---------+---------+-------+---------+---------+-------
      Total |  106115 |   63619 |  37.5 |     630 |     309 |  32.9
            +---------+---------+-------+---------+---------+-------
        D:1 |      49 |       0 |   0.0 |      17 |       0 |   0.0
        D:2 |     112 |      52 |  31.7 |      26 |      14 |  35.0
        D:3 |     225 |       0 |   0.0 |      40 |       0 |   0.0
        D:4 |     240 |       0 |   0.0 |       6 |       0 |   0.0
        D:5 |     639 |       2 |   0.3 |      17 |       2 |  10.5
        D:6 |     653 |     943 |  59.1 |      18 |       8 |  30.8
        D:7 |    1521 |      41 |   2.6 |      29 |       1 |   3.3
        D:8 |    1905 |       0 |   0.0 |      40 |       0 |   0.0
        D:9 |    2769 |       0 |   0.0 |      21 |       0 |   0.0
       D:10 |    1725 |    1893 |  52.3 |      21 |      45 |  68.2
       D:11 |    2788 |    5159 |  64.9 |      26 |      18 |  40.9
       D:12 |    2198 |    3187 |  59.2 |      13 |       7 |  35.0
       D:13 |    8693 |    8523 |  49.5 |      35 |      32 |  47.8
       D:14 |   10641 |    1585 |  13.0 |      36 |       6 |  14.3
       D:15 |    4222 |    8818 |  67.6 |      15 |      14 |  48.3
     Lair:1 |    2200 |     971 |  30.6 |      11 |       9 |  45.0
     Lair:2 |    7471 |     404 |   5.1 |      26 |       1 |   3.7
     Lair:3 |    4189 |    4553 |  52.1 |      16 |      38 |  70.4
     Lair:4 |    5697 |    2308 |  28.8 |      15 |       7 |  31.8
     Lair:5 |    2957 |     941 |  24.1 |      12 |       3 |  20.0
     Lair:6 |    6824 |   14069 |  67.3 |      20 |      53 |  72.6
    Swamp:1 |    9184 |       0 |   0.0 |      33 |       0 |   0.0
    Swamp:2 |   10994 |       0 |   0.0 |      36 |       0 |   0.0
    Swamp:3 |    8701 |     164 |   1.8 |      19 |       1 |   5.0
      Orc:1 |    6023 |    2421 |  28.7 |      39 |       1 |   2.5
      Orc:2 |    3495 |    7476 |  68.1 |      43 |      28 |  39.4
    Ossuary |       0 |     109 | 100.0 |       0 |      21 | 100.0
            +---------+---------+-------+---------+---------+-------
